Map: Catalyst LE

Players

SimmerDown - Winner!

  • Race: Terran Terran
  • League: Silver
  • Spawn Location: 5:00

leo

  • Race: Terran Terran
  • Spawn Location: 11:00

VOD

Have the link to the VOD?

Description

Time

  • Played on: May 17, 2018, 6:38 p.m.
  • Length: 54:57
Show
View Real Time Build Order
Export as new Build Order

SimmerDown Terran - Winner!

Build Orders:  

Get SALT Encoding   

  12  0:10  SCV  
  4  4:02  SCV  
  5  4:16  SCV  
  6  4:28  SCV  
  7  4:46  Supply Depot  
  7  4:53  SCV  
  8  5:18  Barracks  
  8  5:24  SCV  
  9  5:36  SCV  
  10  5:48  SCV  
  11  6:01  SCV  
  12  6:05  Marine  
  12  6:08  Barracks  
  13  6:14  SCV  
  14  6:22  Marine  
  15  6:32  Bunker  
  15  6:33  SCV  
  16  6:42  Marine  
  16  6:45  SCV  
  18  6:56  Marine  
  18  6:57  SCV  
  20  7:09  Orbital Command  
  20  7:10  Marine  
  21  7:17  Supply Depot  
  21  7:24  Marine  
  21  7:28  Marine  
  23  7:41  SCV  
  24  7:47  Marine x2  
  24  7:50  Refinery  
  26  7:54  SCV  
  27  8:04  Marine  
  27  8:05  Marine  
  28  8:06  SCV  
  28  8:10  Barracks  
  29  8:19  SCV  
  30  8:25  Marine, Supply Depot  
  31  8:31  Supply Depot  
  31  8:43  Marine  
  31  8:54  Marine  
  32  8:58  Marine  
  32  9:01  Marine  
  29  9:12  Marine  
  29  9:16  Marine  
  31  9:19  SCV, Marine, Factory  
  33  9:30  Marine  
  34  9:31  SCV  
  34  9:33  Marine  
  34  9:37  Marine  
  37  9:50  Barracks Reactor  
  38  9:56  Barracks Reactor  
  38  9:57  Barracks Reactor  
  37  10:05  SCV  
  37  10:06  Refinery  
  38  10:16  Factory Tech Lab  
  35  10:29  SCV  
  35  10:33  Command Center  
  36  10:40  Siege Tank  
  36  10:41  SCV  
  40  10:47  Marine x2  
  40  10:48  Marine  
  43  10:53  SCV  
  44  11:00  Marine x3  
  47  11:14  Supply Depot  
  47  11:16  Supply Depot  
  47  11:36  SCV  
  47  11:48  SCV  
  47  11:50  Marine  
  47  11:51  Marine x4  
  47  11:52  Marine  
  47  11:53  Siege Tank  
  57  12:08  Marine x2  
  57  12:09  Marine x3  
  57  12:12  SCV  
  63  12:17  Marine  
  64  12:25  Siege Tank  
  67  12:36  SCV  
  68  12:43  Marine x5  
  68  12:44  Marine  
  73  12:47  Supply Depot  
  73  12:49  Supply Depot  
  74  13:11  SCV  
  75  13:21  Marine x2, Starport  
  75  13:23  SCV  
  78  13:35  SCV  
  79  13:47  SCV  
  80  13:53  Siege Tank  
  83  13:59  SCV  
  84  14:03  SCV  
  84  14:07  Marine x5  
  84  14:08  Marine  
  91  14:11  Starport Reactor  
  91  14:15  SCV  
  92  14:30  Supply Depot  
  92  14:47  SCV  
  93  14:54  Medivac x2  
  93  14:58  Siege Tank  
  93  14:59  SCV, Marine  
  102  15:02  Orbital Command  
  102  15:08  Supply Depot  
  102  15:14  Supply Depot  
  102  15:30  SCV x2, Marine x4, Medivac  
  110  15:35  Marine, Medivac  
  110  15:38  Siege Tank  
  110  15:42  SCV  
  117  15:47  SCV, Supply Depot  
  118  15:52  Supply Depot  
  118  16:02  Supply Depot x2  
  118  16:09  SCV  
  118  16:11  Siege Tank  
  122  16:14  Medivac  
  124  16:24  Refinery  
  124  16:32  Engineering Bay  
  124  16:34  Command Center  
  124  16:46  SCV x2, Refinery  
  126  16:58  Supply Depot  
  126  17:08  Marine x4  
  127  17:09  Marine x2  
  127  17:11  Terran Infantry Weapons Level 1  
  127  17:14  Sensor Tower  
  132  17:17  SCV  
  132  17:18  SCV  
  134  17:25  Barracks  
  126  17:42  Sensor Tower  
  126  17:47  Siege Tank  
  126  17:50  Sensor Tower, Barracks  
  126  17:51  SCV x2  
  132  17:54  Planetary Fortress  
  131  18:00  Marine x3  
  131  18:01  Marine x2  
  131  18:03  Marine  
  137  18:11  SCV x2  
  139  18:23  SCV x2  
  141  18:29  Missile Turret x2  
  141  18:31  Engineering Bay  
  141  18:35  Barracks Tech Lab  
  141  18:38  Barracks  
  141  18:41  Barracks Tech Lab  
  141  18:45  SCV x3  
  144  18:51  Supply Depot  
  144  19:00  Missile Turret  
  144  19:05  Combat Shields, Stimpack  
  144  19:08  Marine x4  
  144  19:09  Marine  
  149  19:11  Marine  
  149  19:15  SCV x2  
  149  19:16  SCV  
  153  19:20  Marauder  
  153  19:23  Marauder  
  157  19:31  Refinery  
  157  19:33  Refinery  
  157  19:35  Terran Infantry Armor Level 1  
  157  19:38  Armory  
  157  19:41  Supply Depot  
  157  19:45  Barracks  
  157  19:46  Barracks Reactor  
  157  19:50  Marauder  
  157  19:52  Marauder  
  161  19:58  SCV x3  
  164  20:05  Supply Depot  
  164  20:10  SCV x3  
  167  20:26  Terran Infantry Weapons Level 2  
  167  20:27  Terran Vehicle Weapons Level 1  
  167  20:38  Siege Tank  
  167  20:40  Barracks Tech Lab  
  170  20:43  Marine  
  170  20:44  Command Center, Marine x3, Barracks  
  170  20:45  Marauder x2  
  178  21:12  Sensor Tower  
  178  21:18  SCV x3, Sensor Tower  
  181  21:23  Marauder x2  
  181  21:24  Marauder  
  187  21:26  Concussive Shells  
  187  21:27  Sensor Tower  
  187  21:29  Marine x3  
  187  21:30  SCV x2, Marine x5  
  197  21:36  Supply Depot, Barracks Tech Lab  
  197  21:46  Barracks  
  197  21:47  Barracks  
  197  21:55  Medivac  
  199  22:03  Medivac  
  200  22:27  Missile Turret  
  200  22:28  Missile Turret  
  200  22:29  Missile Turret  
  200  22:30  Planetary Fortress  
  198  24:07  Refinery  
  198  24:08  Refinery  
  198  24:13  Sensor Tower  
  198  24:23  Command Center  
  198  24:30  Command Center x2  
  198  24:35  Terran Infantry Weapons Level 3, Terran Infantry Armor Level 2  
  198  24:37  Terran Vehicle Weapons Level 2  
  198  24:41  Armory  
  198  24:43  SCV x2  
  200  24:51  Barracks  
  200  24:52  Barracks x2  
  200  24:57  Barracks  
  200  24:59  Barracks  
  200  25:46  Command Center  
  200  25:52  Barracks  
  200  25:53  Planetary Fortress, Barracks  
  200  25:55  Planetary Fortress, Barracks  
  200  25:57  Barracks  
  200  25:58  Planetary Fortress  
  200  26:03  Terran Vehicle And Ship Armor Level 1  
  200  26:17  Barracks Reactor x2  
  200  26:18  Barracks Reactor  
  200  26:19  Barracks Tech Lab x2  
  200  27:16  Barracks Reactor  
  200  27:17  Barracks Reactor x3  
  200  27:19  Orbital Command  
  200  27:35  Refinery  
  200  27:37  Refinery  
  193  28:00  Marine x4  
  193  28:01  Marine x3  
  200  28:18  Missile Turret  
  200  28:27  Command Center  
  200  28:30  Terran Infantry Armor Level 3  
  200  28:31  Terran Vehicle Weapons Level 3, Terran Vehicle And Ship Armor Level 2  
  200  28:33  Command Center  
  143  29:55  Marine  
  143  29:56  Marine x14  
  143  29:57  Marauder x5, Marine  
  143  29:58  Marine x8  
  118  30:10  Siege Tank  
  118  30:13  Marine x5  
  118  30:14  Marine x10  
  130  30:15  Marine  
  130  30:16  Marine x8  
  130  30:18  Marauder, Marine x4  
  141  30:37  Marine  
  141  30:38  Marine x25  
  141  30:39  Marine  
  162  30:42  Siege Tank  
  165  30:53  Command Center  
  165  30:59  Orbital Command  
  165  31:02  Orbital Command, Factory x2  
  165  31:03  Factory  
  167  31:11  Marauder x2  
  167  31:12  Marauder x3  
  167  31:13  Sensor Tower, Marine  
  167  31:14  Marine x14  
  121  31:33  Marauder x5, Marine  
  121  31:34  Marine x23  
  139  31:51  Marine x5  
  139  31:52  Marine x19  
  139  31:53  Marine  
  139  31:54  Marine x2  
  137  32:04  Marine x2  
  126  32:09  Marine x10  
  131  32:17  Marine x6  
  131  32:18  Marine x7  
  143  32:23  Factory Tech Lab  
  143  32:24  Factory Tech Lab x2  
  143  32:27  Marauder x4  
  143  32:28  Marauder, Marine x10  
  143  32:29  Marine  
  164  32:31  Siege Tank  
  164  32:35  Marine x10  
  177  32:59  Siege Tank x3  
  162  33:29  Medivac x2  
  162  33:31  Siege Tank  
  169  33:47  Marine  
  172  33:48  Marauder  
  172  33:49  Marauder x3  
  172  33:50  Marine x11  
  172  33:51  Marine x10  
  199  34:05  Marine  
  185  35:20  Terran Vehicle And Ship Armor Level 3  
  185  35:22  Marine x3  
  185  35:23  Marauder x3  
  185  35:24  Marauder, Marine x4  
  200  36:34  Marine  
  200  36:35  Marine x4  
  200  36:36  Marine x4  
  200  36:37  Marine x3  
  200  37:21  Marine x4  
  200  37:22  Marine x3  
  195  38:23  Marine x2  
  195  38:24  Marine x3  
  198  39:27  Viking x2  
  171  39:33  Marine x5  
  171  39:34  Marine x4  
  171  39:35  Marine  
  171  39:36  Marauder x4  
  185  39:47  Marine x3  
  185  39:48  Marine x5  
  185  39:49  Marine x2  
  195  39:57  Viking x2  
  199  40:11  Marine  
  200  40:26  Terran Ship Weapons Level 1  
  200  41:52  Marine x5  
  200  41:53  Marine x5  
  200  41:54  Marine x3  
  198  42:18  Marine x2  
  192  43:00  Marauder x2  
  192  43:01  Marauder x2  
  200  43:34  Command Center  
  176  44:01  Marine  
  176  44:02  Marauder x3, Marine  
  168  44:03  Marine x20  
  168  44:04  Marine x3  
  187  44:19  Marine  
  187  44:20  Marine  
  187  44:21  Marine x6  
  187  44:22  Marauder  
  187  44:23  Marauder  
  190  44:53  Marine x3  
  190  44:54  Marine x4  
  190  44:55  Marine x5  
  190  44:56  Marine  
  180  45:07  Planetary Fortress  
  180  45:15  Marauder  
  180  45:16  Marauder x3, Marine x4  
  180  45:17  Marine x2  
  180  45:18  Medivac x2  
  200  45:51  Medivac  
  200  46:24  Command Center  
  184  47:49  Marine  
  184  47:50  Marine x5  
  184  47:51  Marine x3  
  186  47:52  Marauder  
  186  47:53  Marauder x3, Marine x3  
  186  47:54  Marine  
  200  47:59  Orbital Command  
  200  49:07  Marine x4  
  200  49:08  Marine  
  200  49:09  Marauder x2, Marine x2  
  195  49:10  Marine x4  
  200  49:20  Hi-Sec Auto Tracking  
  200  49:27  Neosteel Frame  
  200  49:29  Terran Ship Weapons Level 2  
  178  50:53  Marine x3  
  178  50:54  Marauder  
  178  50:55  Marauder x3, Marine x3  
  178  50:56  Marine x4  
  196  50:58  Marine x3  
  196  50:59  Marine  
  196  51:02  Command Center  
  200  51:22  Sensor Tower  
  188  52:20  Planetary Fortress  
  187  52:28  Marauder x4, Marine  
  187  52:29  Marine x4  
  197  53:41  Marine x3  
  103  54:05  Marine  
  103  54:06  Marine x26  
  103  54:07  Marine  
  126  54:23  Marine x2  
  126  54:24  Marine x26  
Show
View Real Time Build Order
Export as new Build Order

leo Terran 

Build Orders:  

Get SALT Encoding   

  12  0:03  SCV  
  13  0:15  SCV  
  14  0:27  SCV, Supply Depot  
  15  0:47  SCV  
  11  1:44  SCV  
  6  2:43  SCV  
  6  2:55  SCV  
  6  3:07  SCV  
  6  3:19  SCV  
  7  3:40  SCV  
  8  3:52  SCV  
  8  4:04  SCV  
  8  4:09  Supply Depot  
  9  4:16  SCV  
  10  4:29  SCV  
  11  4:43  Barracks  
  11  4:46  SCV  
  12  4:58  SCV  
  13  5:10  SCV  
  14  5:15  Barracks  
  14  5:22  SCV  
  15  5:31  Supply Depot  
  15  5:34  SCV  
  16  5:47  SCV  
  17  5:59  SCV, Barracks  
  18  6:05  Barracks  
  18  6:10  Marine x2  
  20  6:18  Refinery  
  20  6:21  Refinery  
  20  6:26  SCV  
  20  6:32  Marine x2  
  21  6:38  SCV  
  24  6:51  SCV  
  25  7:02  Marine  
  25  7:03  Marine x3  
  30  7:10  Orbital Command  
  29  7:26  Marine x2  
  31  7:52  Supply Depot  
  31  8:13  SCV, Marine x4  
  31  8:15  Supply Depot  
  36  8:25  Factory  
  36  8:31  Marine x3  
  39  8:36  Marine  
  39  8:38  Supply Depot  
  39  9:01  Supply Depot  
  30  9:14  Factory Tech Lab  
  30  9:18  Barracks Reactor x2  
  30  9:20  Barracks Tech Lab  
  30  9:23  Supply Depot  
  30  9:27  Barracks Tech Lab  
  30  9:40  Siege Tank  
  30  9:42  Command Center  
  35  10:05  Marauder  
  35  10:06  Marauder  
  37  10:12  Widow Mine  
  39  10:17  Marine x2  
  37  10:27  Marine x3  
  36  10:34  Widow Mine  
  38  10:37  Marine  
  39  10:45  Marine  
  40  10:55  Widow Mine  
  40  10:56  Orbital Command  
  42  11:07  SCV  
  43  11:19  SCV  
  44  11:32  SCV  
  45  11:44  SCV  
  44  11:56  SCV  
  44  11:57  Marine  
  44  11:58  Marine  
  44  11:59  Marine x4  
  51  12:09  Starport  
  51  12:15  Marine  
  51  12:16  Marine  
  51  12:17  Marine x4  
  57  12:33  Marine  
  57  12:34  Marine x2  
  60  12:41  Refinery  
  60  12:45  Refinery  
  60  12:53  Stimpack, Concussive Shells  
  60  12:57  Starport Reactor  
  60  13:07  Siege Tank  
  63  13:30  Marine  
  63  13:31  Marine x3  
  63  13:32  Marauder x2  
  71  13:39  Siege Tank  
  74  13:48  SCV x2, Marine  
  76  13:49  Marine x3  
  76  13:53  Marauder x2  
  84  14:00  SCV x2  
  86  14:19  Supply Depot  
  86  14:40  SCV, Medivac x2, Siege Tank  
  86  14:41  Supply Depot  
  86  14:42  SCV  
  95  14:57  Command Center, Marine x2  
  97  15:01  SCV  
  97  15:02  SCV  
  97  15:04  Supply Depot  
  99  15:10  Medivac x2  
  99  15:13  Siege Tank  
  106  15:27  Supply Depot  
  106  15:38  Marauder x2, Marine x4  
  106  15:40  Medivac x2  
  118  15:49  Siege Tank  
  121  15:51  Supply Depot  
  121  15:56  Marine  
  122  16:00  Marauder x2  
  126  16:14  Supply Depot  
  126  16:21  Marauder  
  128  16:31  Engineering Bay x2  
  128  16:36  Supply Depot  
  128  16:42  Medivac  
  128  16:43  Medivac  
  128  16:46  Combat Shields  
  132  17:00  Supply Depot  
  132  17:12  Medivac  
  132  17:13  Medivac  
  135  17:22  Supply Depot  
  130  17:35  Hellion  
  132  17:41  SCV  
  132  17:42  SCV x2, Medivac  
  137  17:46  Supply Depot  
  137  17:53  Marauder x2  
  137  17:54  SCV x3, Marine  
  147  18:01  Widow Mine  
  147  18:06  SCV x3, Terran Infantry Armor Level 1, Terran Infantry Weapons Level 1  
  150  18:18  SCV x3  
  153  18:23  Widow Mine  
  155  18:30  SCV x2  
  157  18:44  Widow Mine  
  159  19:05  Widow Mine  
  159  19:09  Armory  
  161  19:11  Command Center  
  161  19:12  Marine x3  
  161  19:13  Marauder x2, Marine  
  169  19:19  Liberator  
  169  19:20  Liberator  
  169  19:27  Widow Mine  
  169  19:30  Marine x4  
  175  19:34  Marauder x2  
  185  19:48  Marine  
  185  19:51  Supply Depot  
  186  19:52  Supply Depot  
  186  19:56  Marauder x2  
  190  20:01  Refinery x2  
  190  20:02  Liberator x2  
  190  20:11  Orbital Command  
  190  20:14  Supply Depot  
  190  20:15  Terran Infantry Weapons Level 2, Supply Depot, Terran Infantry Armor Level 2  
  190  20:17  Marauder x2  
  200  20:44  Orbital Command  
  200  23:05  Terran Infantry Weapons Level 3  
  200  23:06  Terran Infantry Armor Level 3  
  188  24:40  Command Center  
  188  24:42  Barracks x2  
  188  24:46  Barracks  
  188  25:33  Barracks x2  
  188  26:15  Command Center  
  188  26:27  Barracks Tech Lab  
  188  26:28  Barracks Tech Lab, Barracks Reactor  
  188  26:29  Barracks Reactor  
  188  26:34  Medivac x2  
  192  26:43  Rapid Fire Launchers, Barracks Tech Lab  
  191  27:04  Medivac x2  
  185  27:34  Medivac x2  
  189  27:48  Command Center  
  185  28:02  Smart Servos  
  185  28:03  Medivac  
  187  28:40  Marine x2  
  187  28:41  Marauder x5, Marine  
  194  29:20  Drilling Claws  
  154  30:05  Marauder, Marine x5  
  154  30:06  Marauder x4, Marine x3  
  169  30:23  Marine x7  
  169  30:24  Marine  
  169  30:27  Marauder x5  
  161  30:39  Infernal Pre-Igniter  
  161  30:40  Marine  
  161  30:41  Marine x7  
  155  30:48  Marauder x3  
  155  30:49  Marauder x2  
  165  30:58  Marine x2  
  165  30:59  Marine x6  
  173  31:10  Marauder x5  
  183  31:16  Marine x3  
  183  31:17  Marine x5  
  172  31:31  Marauder x5  
  155  31:34  Marine x5  
  155  31:35  Marine x3  
  156  31:52  Marauder x2, Marine x6  
  156  31:53  Marauder x3, Marine x2  
  152  32:09  Marine  
  152  32:10  Marine x7  
  152  32:14  Marauder x5  
  149  32:29  Siege Tank  
  152  32:33  Factory  
  152  32:35  Marauder x4, Factory  
  152  32:36  Marauder  
  162  32:38  Marine x4  
  162  32:39  Marine x4  
  170  32:56  Marauder, Marine x5  
  170  32:57  Marauder x4, Marine x3  
  188  33:01  Siege Tank  
  191  33:14  Marine x6  
  191  33:15  Marine x2  
  191  33:18  Marine x3  
  173  33:33  Siege Tank  
  184  33:37  Marine  
  184  33:38  Marine x5  
  180  33:44  Marine  
  180  33:45  Marine x6  
  187  33:55  Marine  
  187  33:56  Marine x5  
  187  34:02  Marine x4  
  194  34:03  Marine x3  
  200  34:31  Orbital Command  
  186  34:51  Orbital Command  
  181  35:05  Siege Tank  
  175  35:26  Orbital Command  
  175  35:37  Siege Tank  
  178  35:57  Barracks  
  178  35:59  Barracks  
  178  36:00  Barracks  
  178  36:03  Barracks  
  178  36:05  Barracks  
  178  36:09  Siege Tank  
  181  36:19  Terran Vehicle Weapons Level 1  
  168  36:41  Siege Tank  
  171  36:54  Command Center  
  170  37:13  Siege Tank  
  166  37:29  Command Center  
  166  37:39  Orbital Command  
  166  37:42  Command Center  
  145  38:25  Marine  
  145  38:26  Marine x17  
  163  38:43  Marine x6  
  163  38:44  Marine x12  
  181  39:01  Marine x10  
  181  39:02  Marine x8  
  199  39:14  Orbital Command  
  199  39:18  Marine  
  199  39:19  Orbital Command  
  193  39:43  Planetary Fortress  
  193  39:47  Planetary Fortress  
  193  40:52  Command Center  
  181  41:16  Terran Vehicle Weapons Level 2  
  145  42:03  Marine  
  145  42:04  Marine x17  
  163  42:21  Marine x3  
  163  42:22  Marine x15  
  181  42:39  Marine x4  
  181  42:40  Marine x3  
  188  42:57  Marine  
  193  43:10  Medivac x2  
  193  43:40  Medivac x2  
  372  44:10  Medivac x2  
  188  44:29  Marauder, Marine x4  
  188  44:30  Marauder x3, Marine  
  159  47:54  SCV  
  160  48:06  SCV  
  161  48:18  SCV  
  162  48:30  Command Center, SCV  
  163  48:42  SCV  
  161  49:25  Command Center  
  161  51:00  Planetary Fortress  
  161  51:11  Marine  
  161  51:12  Marine x17  
  179  51:29  Marine x2  
  180  52:22  SCV  
  181  52:34  SCV  
  182  52:46  SCV  
Tags
 
League
Silver
Matchup
TvT
Race
Terran
Spawn Locations
Cross Positions
Add a new tag
Caveats
  • Supply blocks, unpowered buildings, or Contaminate may cause inaccurate times.
  • Supply counts are checked every 10 seconds.